 Dungeon Crawl Stone Soup version 0.32-a0-868-g153ae1a8d6 (webtiles) character file.

Game seed: 12422707059431425448

18 dialectric the Ruffian (level 2, -4/27 HPs)
             Began as a Troll Shapeshifter on Mar 28, 2024.
             Killed from afar by Terence (9 damage)
             ... with a puff of flame
             ... on level 2 of the Dungeon.
             The game lasted 00:00:56 (731 turns).

dialectric the Ruffian (Troll Shapeshifter)          Turns: 731, Time: 00:00:56

Health: -4/27      AC:  4    Str: 21    XL:     2   Next: 51%
Magic:  1/1        EV:  8    Int:  6    God:
Gold:   59         SH:  0    Dex:  9    Spells: 1/1 levels left

rFire   . .          .
                       - Unarmed
rCold   . . .        (no shield)
rNeg    . . .        a - +0 animal skin
rPois   .            (helmet currently unavailable)
rElec   .            (cloak currently unavailable)
rCorr   .            (gloves unavailable)
SInv    .            (boots unavailable)
Will    .....        (no amulet)
Stlth   +            (no ring)
HPRegen 1.04/turn    (no ring)
MPRegen 0.07/turn

%: no passive effects
@: beast-form
A: beast (slay +1), large, unfitting armour, claws 3, regeneration 1, shaggy fur
1, tough skin 1
a: Begin Untransformation


You were on level 2 of the Dungeon.
You were a hulking beast.
You visited 1 branch of the dungeon, and saw 2 of its levels.

You collected 59 gold pieces.

Inventory:

Missiles
 i - 2 javelins (quivered)
 j - 5 poisoned darts
Armour
 a - a +0 animal skin (worn)
 k - the scarf of the Fisher {shadows, Str+3}
   (You found it on level 2 of the Dungeon)

   Str+3:     It affects your strength (+3).
Talismans
 c - a beast talisman (active)
 d - a flux talisman
Scrolls
 f - 5 scrolls of identify {unknown}
Potions
 b - a potion of lignification
 e - a potion of enlightenment {unknown}
 g - 2 potions of attraction {unknown}
 h - a potion of invisibility {unknown}


   Skills:
 + Level 1.2 Fighting
 + Level 1.9 Dodging
 + Level 3.2 Unarmed Combat
 + Level 3.1 Shapeshifting


You had one spell level left.
You didn't know any spells.
Your spell library contained the following spells:

 Spells                   Type           Power      Damage    Failure   Level
 Summon Ice Beast         Ice/Summ       0%         N/A       83%         3
 Summon Mana Viper        Hex/Summ       0%         N/A       100%        5
 Monstrous Menagerie      Summ           0%         N/A       100%        7


Dungeon Overview and Level Annotations

Branches:
Dungeon (2/15)

Altars:

Annotations:
D:2 Terence


Innate Abilities, Weirdness & Mutations

You are a hulking beast.
Your limbs bulge with bestial killing power. (Slay +1)
You are too large for most types of armour.
You have claws for hands.
Your natural rate of healing is unusually fast.
You are covered in fur. (AC +1)
You have tough skin. (AC +1)


Message History

k - the scarf of the Fisher {shadows, Str+3}
Okay, then.
There is an open door here.
Found a leather armour.
You now have 58 gold pieces (gained 10).
You see here a +0 spear.
You see here a +0 leather armour.
You now have 59 gold pieces (gained 1).
Terence the Incautious comes into view.
He is wielding a +0 trident and carrying a wand of flame.
Terence shouts!
Terence is nearby!
Terence is nearby!
Terence hits you with a +0 trident.
Terence is nearby!
You scratch Terence but do no damage. You closely miss Terence.
Terence hits you with a +0 trident!
A goblin comes into view. It is wielding a +0 dagger.
The goblin shouts!
You scratch Terence.
Terence is lightly wounded.
Terence hits you with a +0 trident.
You scratch Terence but do no damage.
Terence is lightly wounded.
Terence says, "Rest in peace."
Terence hits you with a +0 trident.
You are too injured to fight recklessly!
You are too injured to fight recklessly!
You are too injured to fight recklessly!
You are too injured to fight recklessly!
Unknown command.
Terence hits you from afar with a +0 trident!
* * * LOW HITPOINT WARNING * * *
Okay, then.
Okay, then.
Terence zaps a wand.
The puff of flame hits you!
* * * LOW HITPOINT WARNING * * *
Unknown command.
Terence zaps a wand.
The puff of flame hits you!
You die...
Terence says, "Time to find some more victims."

#......####..........# ..##..
#......#.............####..#..
#......#........)..........+..
#......#...........@.###...#..
#......'......^......# #[.....
#......#.............# #.....#
####.#..#+#..........# #####..
#.#..# #..........# .. #.#..#
#..h.g.....# ..
#.#.(#.....######## ..
#.#..#.....# .. #...<#.....#
.. ######.....# #.....#
......# .......#


You could see Terence and a goblin.

Vanquished Creatures
  2 ball pythons (D:1)
  2 goblins (D:1)
  7 hobgoblins (D:1)
  A kobold (D:1)
  A bat (D:1)
  A frilled lizard (D:1)
  2 rats (D:1)
16 creatures vanquished.

Notes
Turn   | Place    | Note
-------+----------+-------------------------------------------
     0 | D:1      | dialectric the Troll Shapeshifter began the quest for the
                  | Orb.
     0 | D:1      | Reached XP level 1. HP: 18/18 MP: 0/0
   146 | D:1      | Reached skill level 1 in Fighting
   151 | D:1      | Reached XP level 2. HP: 27/27 MP: 1/1
   676 | D:2      | Identified the scarf of the Fisher {shadows, Str+3}
   710 | D:2      | Noticed Terence
   727 | D:2      | HP: 1/27 [Terence/puff of flame (12)]
   731 | D:2      | Killed from afar by Terence

Illustrated notes

Levels and vault maps discovered:
D:1:      saegor_arrival_miasma, layout_basic, serial_bayou_crossing
D:2:      layout_basic, uniq_terence

Skill      XL: |  1 |
---------------+----+-----
Fighting       | 1 |  1.2
Dodging        | |  1.9
Unarmed Combat | |  3.2
Shapeshifting  | |  3.1

Action                     || total
---------------------------++-------
  Melee: Unarmed           ||    39
 Armour: Animal skin       ||    31
  Dodge: Dodged            ||    12

Table legend: (Time is in decaauts)
 A = Elapsed time spent in this place.
 B = Non-inter-level travel time spent in this place.
 C = Inter-level travel time spent in this place.
 D = Time resting spent in this place.
 E = Time spent auto-exploring this place.
 F = Levels seen in this place.
 G = Mean time per level.
                   A        B        C        D        E       F      G
               +--------+--------+--------+--------+--------+-----+--------+
         Total |    728 |    666 |     62 |      0 |    520 |   2 |  364.0 |
       Dungeon |    728 |    666 |     62 |      0 |    520 |   2 |  364.0 |
               +--------+--------+--------+--------+--------+-----+--------+

Top non-repeatable levels by time:
     D:1: 664 daAuts
     D:2: 63 daAuts
